 Dungeon Crawl Stone Soup version 0.32-a0-540-g866d13106e (webtiles) character file.

Game seed: 12997516611300393900

3096 lunkers the Scorcher (level 9, 0/70 HPs)
             Began as a Mountain Dwarf Fire Elementalist on Feb 28, 2024.
             Was an Initiate of Vehumet.
             Slain by a gnoll sergeant
             ... wielding a +0 spear
              (5 damage)
             ... on level 7 of the Dungeon.
             The game lasted 00:16:42 (6753 turns).

lunkers the Scorcher (MDFE)                         Turns: 6753, Time: 00:16:42

Health: 0/70       AC:  6    Str: 11    XL:     9   Next: 59%
Magic:  0/11       EV: 10    Int: 20    God:    Vehumet [......]
Gold:   415        SH:  0    Dex: 10    Spells: 8/11 levels left

rFire   . . .        y - +2 dagger (speed)
rCold   + . .        (no shield)
rNeg    . . .        r - +0 ring mail
rPois   .            (no helmet)
rElec   .            c - +0 cloak
rCorr   .            (no gloves)
SInv    .            (no boots)
Will    .....        i - amulet of magic regeneration
Stlth   +            n - ring of flight
HPRegen 0.31/turn    s - ring of protection from cold
MPRegen 0.52/turn

%: no passive effects
@: lethally poisoned (0 -> 0), flying
A: runic magic, artefact enchanting
a: Renounce Religion


You were on level 7 of the Dungeon.
You worshipped Vehumet.
Vehumet was noncommittal.
You visited 2 branches of the dungeon, and saw 8 of its levels.

You collected 415 gold pieces.

Inventory:

Hand Weapons
 o - a +1 vampiric short sword
 w - a +1 dagger of draining
 y - a +2 dagger of speed (weapon)
Armour
 c - a +0 cloak (worn)
 r - a +0 ring mail (worn)
Jewellery
 i - an amulet of magic regeneration (around neck)
 n - a ring of flight (left hand)
 s - a ring of protection from cold (right hand)
Wands
 h - a wand of warping (3)
 l - a wand of flame (43)
Scrolls
 d - a scroll of acquirement
 e - a scroll of silence {unknown}
 g - 5 scrolls of teleportation
 j - 4 scrolls of enchant weapon
 m - a scroll of amnesia
 p - a scroll of identify
 u - a scroll of revelation {unknown}
Potions
 a - a potion of enlightenment {unknown}
 b - 3 potions of magic
 k - a potion of brilliance
 q - 3 potions of curing {unknown}
 t - a potion of might {unknown}
 v - a potion of ambrosia {unknown}
 x - 2 potions of mutation {unknown}
 z - a potion of haste {unknown}
 A - a potion of invisibility {unknown}
 B - a potion of heal wounds {unknown}


   Skills:
 + Level 3.6 Fighting
 - Level 1.3 Dodging
 - Level 1.4 Stealth
 - Level 1.7 Spellcasting
 - Level 0.8 Conjurations
 + Level 15.5 Fire Magic


You had 8 spell levels left.
You knew the following spells:

 Your Spells              Type           Power      Damage    Failure   Level
a - Foxfire               Conj/Fire      100%       2x1d9     1%          1
b - Scorch                Fire           100%       2d9       1%          2

Your spell library contained the following spells:

 Spells                   Type           Power      Damage    Failure   Level
 Inner Flame              Hex/Fire       32%        N/A       2%          3
 Volatile Blastmotes      Fire/Tloc      64%        2d15      2%          3
 Flame Wave               Conj/Fire      34%        2d10      7%          4
 Freeze                   Ice            4%         1d3       21%         1
 Momentum Strike          Conj/Tloc      6%         3d8       26%         2
 Blink                    Tloc           2%         N/A       30%         2
 Lesser Beckoning         Tloc           2%         N/A       30%         2
 Hailstorm                Conj/Ice       3%         3d5       45%         3
 Frozen Ramparts          Ice            2%         1d1       52%         3


Dungeon Overview and Level Annotations

Branches:
Dungeon (7/15)             Temple (1/1) D:6

Altars:
Ashenzari
Cheibriados
Dithmenos
Elyvilon
Fedhas
Gozag
Hepliaklqana
Kikubaaqudgha
Makhleb
Nemelex Xobeh
Qazlal
Ru
Trog
Uskayaw
Vehumet
Wu Jian
Xom
Yredelemnul
The Shining One

Shops:
D:2 [


Innate Abilities, Weirdness & Mutations

Your spellcasting is much less encumbered by armour.
You can use scrolls of enchantment on lesser artefacts.


Message History

The killer bee is burned terribly!
The killer bee is almost dead.
The killer bee attacks as it pursues you!
The killer bee barely misses you. The killer bee stings you.
* * * LOW HITPOINT WARNING * * *
The gnoll sergeant attacks as it pursues you!
The gnoll sergeant hits you from afar with a +0 spear.
* * * LOW HITPOINT WARNING * * *
Unknown command.
Unknown command.
Okay, then.
You feel sick.
The gnoll sergeant is no longer more vulnerable to fire.
The killer bee stings you.
* * * LOW HITPOINT WARNING * * *
This is a scroll of acquirement!
Unknown command.
Okay, then.
Okay, then.
Casting: Foxfire (safe; 1% risk of failure)
Press: ? - help, Q - select action, (/) - cycle Dir - look around, f - activate You conjure some foxfire!
* * * LOW MAGIC WARNING * * *
You feel sick. The killer bee closely misses you.
The killer bee barely misses you.
The gnoll sergeant hits you but does no damage.
Unknown command.
Casting: Foxfire (safe; 1% risk of failure)
Press: ? - help, Q - select action, (/) - cycle Dir - look around, f - activate You conjure some foxfire!
* * * LOW MAGIC WARNING * * *
You feel sick.
The killer bee is no longer more vulnerable to fire.
The foxfire hits the killer bee.
The killer bee is almost dead.
The foxfire hits the killer bee.
You kill the killer bee!
Vehumet accepts your kill.
The gnoll sergeant hits you from afar with a +0 spear.
You die...

#####..#.[....##...............#
.....[.......#...............##
............)....................
...............#####...........##
.............)...................
......##........####.............
......##........# #..#####.....P
. .. #######.v####..# #..####)
... #..@§....# #.#####.
.....########gv.§...#####......P
....)'.†...))g#.#..)......#####.
....†#########..#)#####...######
... #..............#))..).... .
#.####.........)........#
#........###...##......
.........).....##.###..
..#####.....##..##<. ..


You could see a gnoll sergeant and a gnoll.

Vanquished Creatures
  Maurice (D:7)
  A steam dragon (D:5)
  A black bear (D:6)
  2 ice beasts (D:6)
  3 orc warriors
  4 ogres
  A phantom (D:6)
  A bullfrog (D:7)
  5 wights (D:7)
  3 killer bees (D:7)
  3 jellies
  3 orc priests
  2 bombardier beetles
  4 hounds
  3 sleepcaps (D:6)
  A gnoll bouda (D:4)
  3 iguanas
  12 orc wizards
  8 gnolls
  10 adders
  2 river rats (D:4)
  A shadow imp (D:6)
  2 ufetubi (D:6)
  3 dart slugs
  4 ribbon worms
  26 orcs
  11 endoplasms
  3 giant cockroaches
  3 goblins
  5 hobgoblins
  9 jackals
  2 quokkas (D:5)
  6 ball pythons
  4 bats
  2 frilled lizards
  6 kobolds
  6 rats
166 creatures vanquished.

Vanquished Creatures (others)
  161 foxfires
161 creatures vanquished.

Grand Total: 327 creatures vanquished

Notes
Turn   | Place    | Note
-------+----------+-------------------------------------------
     0 | D:1      | lunkers the Mountain Dwarf Fire Elementalist began the
                  | quest for the Orb.
     0 | D:1      | Reached XP level 1. HP: 14/14 MP: 3/3
    71 | D:1      | Reached skill level 4 in Fire Magic
   184 | D:1      | Reached XP level 2. HP: 20/20 MP: 0/4
   253 | D:1      | Learned a level 2 spell: Scorch
   884 | D:1      | Reached skill level 5 in Fire Magic
  1000 | D:1      | Reached XP level 3. HP: 26/26 MP: 2/5
  1404 | D:2      | Found Qutheveroe's Antique Armour Boutique.
  1425 | D:2      | Found a glowing golden altar of the Shining One.
  1919 | D:3      | Reached skill level 6 in Fire Magic
  1919 | D:3      | Reached XP level 4. HP: 33/33 MP: 2/6
  2227 | D:3      | Found a stormy altar of Qazlal.
  2236 | D:3      | Found a glowing golden altar of the Shining One.
  2752 | D:4      | Reached skill level 7 in Fire Magic
  2752 | D:4      | Reached XP level 5. HP: 23/38 MP: 2/7
  2781 | D:4      | Noticed an ogre
  2783 | D:4      | Killed an ogre
  2825 | D:4      | Reached skill level 8 in Fire Magic
  2831 | D:4      | Reached XP level 6. HP: 45/45 MP: 4/8
  2850 | D:4      | Noticed an orc warrior
  2866 | D:4      | Killed an orc warrior
  2882 | D:4      | Reached skill level 9 in Fire Magic
  3165 | D:4      | Reached XP level 7. HP: 40/50 MP: 6/9
  3293 | D:4      | Found a burning altar of Makhleb.
  3434 | D:4      | Reached skill level 10 in Fire Magic
  3679 | D:4      | Found a basalt altar of Yredelemnul.
  3746 | D:4      | Found a white marble altar of Elyvilon.
  3895 | D:5      | Entered Level 5 of the Dungeon
  4117 | D:5      | Reached skill level 11 in Fire Magic
  4284 | D:5      | Noticed a steam dragon
  4294 | D:5      | Killed a steam dragon
  4295 | D:5      | Reached XP level 8. HP: 7/57 MP: 2/10
  4834 | D:5      | Reached skill level 12 in Fire Magic
  5497 | D:6      | Reached skill level 13 in Fire Magic
  5854 | D:6      | Reached skill level 14 in Fire Magic
  5880 | D:6      | Found a staircase to the Ecumenical Temple.
  5887 | Temple   | Entered the Ecumenical Temple
  5904 | Temple   | Became a worshipper of Vehumet
  6076 | D:7      | Found a hazy altar of Hepliaklqana.
  6078 | D:7      | Noticed Maurice
  6296 | D:7      | Reached XP level 9. HP: 62/62 MP: 6/11
  6589 | D:7      | Reached skill level 15 in Fire Magic
  6604 | D:7      | Killed Maurice
  6752 | D:7      | Identified a scroll of acquirement
  6753 | D:7      | Slain by a gnoll sergeant

Illustrated notes

Levels and vault maps discovered:
D:1:      minmay_arrival_solitary_statue, layout_basic, minmay_indecisive_spiral
D:2:      layout_basic, basic_altar, serial_shops,
          nicolae_shop_advertising_works [nicolae_subvault_shop_adworks]
D:3:      wad_lake_hut, layout_basic, amethyst_overflow_temple_binary,
          serial_forest, infiniplex_forest_lined_1, infiniplex_forest_lined_3,
          infiniplex_forest_corner_1, infiniplex_forest_lined_4_way,
          infiniplex_forest_lined_3, infiniplex_forest_lined_room_2,
          infiniplex_forest_lined_4_way, palyth_stone_intersect
D:4:      layout_loops_ring, kennysheep_ying_yang, bloody_makhleb,
          lightli_sewer_entry_pipes
D:5:      layout_loops_cross
D:6:      layout_basic, minmay_temple_entry_mini_moons
D:7:      layout_basic, nicolae_hepliaklqana_hazy_memory, uniq_maurice
Temple:   nicolae_temple_god_jail

Skill      XL: |  1  2  3  4  5  6  7  8  9 |
---------------+----------------------------+-----
Fire Magic     | 4 5 6 7 8 9 11 14 15 | 15.5
Fighting       | 3 |  3.6
Dodging        | |  1.3
Stealth        | |  1.4
Spellcasting   | |  1.7
Conjurations   | |  0.8

Action                     |  1- 3 |  4- 6 |  7- 9 || total
---------------------------+-------+-------+-------++-------
  Melee: Unarmed           |     7 |       |       ||     7
         Dagger            |    20 |       |     4 ||    24
         Short sword       |       |     8 |    35 ||    43
   Cast: Foxfire           |    19 |    35 |    36 ||    90
         Scorch            |    39 |    39 |   157 ||   235
  Evoke: Wand              |       |       |     5 ||     5
    Use: Scroll            |       |     9 |     1 ||    10
 Armour: Robe              |    26 |       |       ||    26
         Ring mail         |     1 |    20 |   110 ||   131
  Dodge: Dodged            |    26 |     6 |    63 ||    95

Table legend: (Time is in decaauts)
 A = Elapsed time spent in this place.
 B = Non-inter-level travel time spent in this place.
 C = Inter-level travel time spent in this place.
 D = Time resting spent in this place.
 E = Time spent auto-exploring this place.
 F = Levels seen in this place.
 G = Mean time per level.
                   A        B        C        D        E       F      G
               +--------+--------+--------+--------+--------+-----+--------+
         Total |   6783 |   6543 |    240 |    260 |   5170 |   8 |  847.9 |
       Dungeon |   6751 |   6525 |    226 |    260 |   5170 |   7 |  964.4 |
        Temple |     31 |     17 |     14 |      0 |      0 |   1 |   31.0 |
               +--------+--------+--------+--------+--------+-----+--------+

Top non-repeatable levels by time:
     D:5: 1198 daAuts
     D:1: 1193 daAuts
     D:6: 1153 daAuts
     D:3: 1079 daAuts
     D:4: 1060 daAuts
     D:2: 592 daAuts
     D:7: 472 daAuts
  Temple: 31 daAuts
